Map: [ESL] Goldenaura

Players

Firefly

  • Race: Protoss Protoss
  • Spawn Location: 12:00

Lemon - Winner!

  • Race: Protoss Protoss
  • Spawn Location: 5:00

Event: ESL SC2 Masters 2024 Spring (Regional)

VOD

Have the link to the VOD?

Description

Time

  • Played on: April 17, 2024, 6:56 a.m.
  • Length: 8:34

All games in this series

Show
View Real Time Build Order
Export as new Build Order

Firefly Protoss 

Build Orders: Phoenix Opening, Blink Stalkers, Chargelot Immortal 

Get SALT Encoding   

  12  0:00  Probe  
  13  0:12  Probe  
  14  0:17  Pylon  
  14  0:24  Probe  
  15  0:35  Gateway  
  15  0:36  Probe (Chrono Boost)  
  16  0:46  Assimilator, Probe (Chrono Boost)  
  17  0:51  Probe (Chrono Boost)  
  17  0:55  Assimilator  
  18  1:03  Probe (Chrono Boost)  
  19  1:08  Gateway  
  19  1:13  Probe (Chrono Boost)  
  19  1:18  Probe (Chrono Boost)  
  20  1:25  Cybernetics Core  
  21  1:29  Probe  
  22  1:36  Pylon  
  22  1:41  Probe  
  23  1:54  Probe  
  24  2:02  Stalker  
  24  2:03  Stalker  
  24  2:06  Warp Gate  
  28  2:10  Probe  
  29  2:17  Pylon  
  29  2:29  Probe  
  31  2:37  Sentry  
  31  2:38  Sentry  
  31  2:42  Probe  
  34  2:55  Nexus  
  34  3:00  Probe  
  35  3:09  Phoenix  
  35  3:16  Probe  
  35  3:19  Twilight Council  
  34  3:24  Sentry, Stalker  
  38  3:28  Probe  
  38  3:31  Pylon  
  39  3:49  Blink (Chrono Boost), Probe (Chrono Boost)  
  40  3:57  Phoenix  
  40  4:01  Probe (Chrono Boost)  
  40  4:02  Adept x2  
  45  4:08  Probe (Chrono Boost)  
  47  4:11  Probe (Chrono Boost)  
  47  4:16  Shield Battery, Probe (Chrono Boost)  
  48  4:18  Probe (Chrono Boost)  
  48  4:21  Probe (Chrono Boost)  
  50  4:28  Probe  
  51  4:33  Probe  
  50  4:39  Phoenix  
  50  4:41  Probe  
  50  4:42  Nexus  
  50  4:45  Probe  
  50  4:51  Forge  
  50  4:53  Robotics Facility  
  50  4:57  Pylon  
  50  4:58  Probe  
  50  4:59  Probe  
  52  5:01  Assimilator  
  52  5:06  Stalker  
  54  5:07  Phoenix  
  54  5:08  Stalker  
  54  5:13  Probe  
  57  5:17  Probe  
  57  5:19  Protoss Ground Weapons Level 1 (Chrono Boost)  
  58  5:22  Stalker x2  
  58  5:25  Probe  
  59  5:29  Probe  
  59  5:30  Adept  
  59  5:31  Adept  
  64  5:37  Probe  
  64  5:41  Pylon  
  64  5:42  Immortal (Chrono Boost)  
  63  5:44  Probe  
  63  5:48  Gateway  
  66  5:51  Stalker  
  66  5:52  Stalker  
  70  6:01  Probe  
  70  6:02  Probe  
  71  6:04  Probe  
  71  6:05  Shield Battery  
  69  6:12  Immortal (Chrono Boost)  
  69  6:13  Probe  
  69  6:14  Gateway  
  69  6:16  Charge  
  69  6:18  Probe  
  75  6:19  Phoenix, Probe  
  75  6:23  Stalker  
  75  6:25  Stalker  
  80  6:27  Probe  
  80  6:30  Probe  
  82  6:33  Probe  
  82  6:39  Probe, Gateway  
  84  6:40  Observer (Chrono Boost)  
  84  6:41  Gateway  
  85  6:50  Gateway x2  
  85  6:54  Stalker x3  
  91  7:03  Observer (Chrono Boost)  
  91  7:04  Nexus  
  91  7:06  Pylon  
  82  7:16  Stalker  
  82  7:21  Immortal (Chrono Boost)  
  80  7:23  Zealot x3  
  80  7:40  Zealot, Stalker x2  
  80  7:43  Zealot x2  
  80  7:44  Zealot  
  88  7:49  Zealot x5  
  85  7:54  Immortal (Chrono Boost)  
  78  8:00  Probe x3  
  78  8:02  Zealot  
  78  8:05  Zealot x2  
  74  8:10  Zealot x3  
  68  8:14  Zealot  
  68  8:18  Zealot  
  60  8:24  Zealot  
Show
View Real Time Build Order
Export as new Build Order

Lemon Protoss - Winner!

Build Orders: Phoenix Opening, Blink Stalkers 

Get SALT Encoding   

  12  0:00  Probe  
  13  0:12  Probe  
  14  0:17  Pylon  
  14  0:24  Probe (Chrono Boost)  
  15  0:36  Probe (Chrono Boost)  
  15  0:37  Gateway  
  16  0:44  Probe (Chrono Boost)  
  16  0:46  Assimilator  
  17  0:51  Probe  
  17  0:55  Assimilator  
  18  1:03  Probe (Chrono Boost)  
  19  1:08  Gateway  
  19  1:12  Probe (Chrono Boost)  
  19  1:18  Probe  
  21  1:26  Cybernetics Core  
  21  1:30  Probe  
  22  1:35  Pylon  
  22  1:42  Probe  
  24  1:54  Probe  
  24  2:02  Stalker  
  24  2:03  Warp Gate  
  24  2:07  Sentry  
  28  2:15  Pylon  
  28  2:32  Sentry  
  30  2:37  Nexus  
  30  2:39  Shield Battery  
  30  2:40  Phoenix  
  30  2:41  Probe  
  31  2:49  Stalker  
  33  2:53  Probe  
  34  3:04  Twilight Council  
  34  3:10  Probe  
  35  3:22  Probe  
  36  3:28  Pylon  
  36  3:34  Blink (Chrono Boost), Probe (Chrono Boost)  
  37  3:44  Probe (Chrono Boost)  
  38  3:50  Probe (Chrono Boost)  
  38  3:51  Stalker x2  
  38  3:54  Probe (Chrono Boost)  
  44  3:59  Probe (Chrono Boost)  
  46  4:03  Probe (Chrono Boost)  
  46  4:04  Probe (Chrono Boost)  
  47  4:15  Nexus  
  47  4:17  Probe  
  47  4:18  Probe  
  49  4:24  Stalker  
  49  4:27  Stalker  
  49  4:28  Phoenix  
  53  4:39  Probe  
  53  4:41  Pylon  
  53  4:44  Robotics Facility  
  53  4:45  Probe  
  54  4:49  Stalker  
  54  4:51  Probe  
  54  4:52  Stalker  
  59  4:57  Pylon, Probe  
  60  5:03  Probe  
  60  5:06  Forge  
  61  5:09  Probe  
  62  5:15  Probe  
  63  5:21  Probe (Chrono Boost)  
  63  5:23  Gateway  
  63  5:24  Gateway  
  63  5:25  Stalker  
  63  5:28  Stalker  
  69  5:29  Observer  
  69  5:30  Probe (Chrono Boost)  
  69  5:32  Probe (Chrono Boost)  
  69  5:34  Probe (Chrono Boost)  
  72  5:36  Charge  
  72  5:42  Probe (Chrono Boost)  
  73  5:43  Protoss Ground Weapons Level 1 (Chrono Boost), Probe (Chrono Boost)  
  73  5:44  Probe (Chrono Boost)  
  75  5:52  Probe  
  76  6:01  Probe  
  76  6:02  Probe  
  78  6:04  Probe  
  78  6:07  Warp Prism (Chrono Boost)  
  78  6:09  Gateway  
  81  6:12  Gateway  
  81  6:14  Pylon  
  81  6:15  Pylon  
  81  6:16  Probe, Gateway  
  82  6:19  Gateway  
  82  6:20  Zealot  
  82  6:21  Zealot  
  82  6:25  Zealot  
  88  6:26  Zealot  
  88  6:27  Pylon  
  90  6:36  Nexus  
  90  6:49  Stalker  
  90  6:50  Stalker x3  
  90  6:52  Pylon  
  98  6:59  Pylon  
  98  7:04  Stalker  
  100  7:12  Zealot x4  
  100  7:13  Zealot x2  
  102  7:18  Stalker  
  104  7:24  Probe  
  104  7:25  Probe x2  
  107  7:32  Zealot x5  
  107  7:33  Zealot x2  
  107  7:49  Zealot  
  103  7:52  Zealot  
  103  7:53  Zealot x6  
  111  8:00  Probe  
  111  8:01  Gateway  
  111  8:03  Gateway  
  104  8:08  Probe x3  
  104  8:09  Zealot  
  104  8:12  Zealot, Probe  
  108  8:13  Zealot x5  
  108  8:20  Probe x2  
  102  8:30  Stalker x2  
Tags
 
Add a new tag
Caveats
  • Supply blocks, unpowered buildings, or Contaminate may cause inaccurate times.
  • Supply counts are checked every 10 seconds.